 Dungeon Crawl Stone Soup version 0.21.1-1-g345015f (webtiles) character file.

441 manyhoops the Magician (level 7, 0/75 HPs)
             Began as a Gnoll Wanderer on Mar 22, 2018.
             Succumbed to an orc wizard's poison
             ... on level 4 of the Dungeon.
             The game lasted 00:06:28 (4358 turns).

manyhoops the Magician (Gnoll Wanderer)             Turns: 4358, Time: 00:06:28

Health: 0/75       AC:  9    Str: 20    XL:     7   Next: 2%
Magic:  11/15      EV: 11    Int: 19    God:
Gold:   255        SH:  0    Dex: 14    Spells: 9/16 levels left

rFire    . . .     SeeInvis .   g - +0 mace (protect)
rCold    . . .     Gourm    .   (no shield)
rNeg     . . .     Faith    .   i - +1 ring mail
rPois    .         Spirit   .   (no helmet)
rElec    .         Reflect  .   u - scarf {cloud immunity}
rCorr    .         Harm     .   (no gloves)
MR       .....                  m - +2 pair of boots
Stlth    ..........             (no amulet)
HPRegen  0.22/turn              j - +3 ring of intelligence
MPRegen  0.14/turn              (no ring)

@: berserking (expiring), lethally poisoned (0 -> -14), very quick
A: distributed training, fangs 1, strong nose
a: no special abilities


You were on level 4 of the Dungeon.
You were hungry.

You visited 1 branch of the dungeon, and saw 4 of its levels.

You collected 255 gold pieces.

Inventory:

Hand Weapons
 g - a +0 mace of protection (weapon)
Armour
 d - a +0 robe
 i - a +1 ring mail (worn)
 m - a +2 pair of boots (worn)
 u - a scarf of cloud immunity (worn)
Jewellery
 j - a +3 ring of intelligence (left hand)
Scrolls
 e - a scroll of remove curse
 k - a scroll of amnesia {unknown}
 l - a scroll of magic mapping
 o - a scroll of enchant armour
 q - 2 scrolls of identify
 w - a scroll of immolation
Potions
 h - a potion of magic {unknown}
 n - a potion of agility {unknown}
 p - a potion of heal wounds {unknown}
 s - 2 potions of brilliance {unknown}
 t - a potion of haste {unknown}
Books
 a - a book of Spatial Translocations

   Spells                             Type                      Level
   a - Blink                          Translocation                2
   b - Shroud of Golubria             Charms/Translocation         2
   c - Lesser Beckoning               Translocation                3
   d - Gell's Gravitas                Translocation                3
   e - Teleport Other                 Translocation                3
   f - Passage of Golubria            Translocation                4
 b - Sif Muna's Catalogue of Summoning

   Spells                             Type                      Level
   a - Summon Butterflies             Summoning                    1
   b - Call Canine Familiar           Summoning                    3
Comestibles
 f - 8 rations


   Skills:
 + Level 2.1 Fighting
 + Level 2.1 Short Blades
 + Level 2.1 Long Blades
 + Level 2.1 Axes
 + Level 2.1 Maces & Flails
 + Level 2.1 Polearms
 + Level 2.1 Staves
 + Level 2.1 Slings
 + Level 2.1 Bows
 + Level 2.1 Crossbows
 + Level 2.1 Throwing
 + Level 2.1 Armour
 + Level 2.1 Dodging
 + Level 2.1 Stealth
 + Level 5.1 Shields
 + Level 2.1 Unarmed Combat
 + Level 5.4 Spellcasting
 + Level 1.7 Conjurations
 + Level 1.7 Hexes
 + Level 1.7 Charms
 + Level 4.2 Summonings
 + Level 1.7 Necromancy
 + Level 4.2 Translocations
 + Level 4.2 Transmutations
 + Level 1.7 Fire Magic
 + Level 1.7 Ice Magic
 + Level 1.7 Air Magic
 + Level 1.7 Earth Magic
 + Level 1.7 Poison Magic
 + Level 2.4 Invocations
 + Level 2.1 Evocations


You had 9 spell levels left.
You knew the following spells:

 Your Spells              Type           Power        Failure   Level  Hunger
a - Shroud of Golubria    Chrm/Tloc      ###.......   9%          2    None
b - Blink                 Tloc           N/A          5%          2    None
c - Call Canine Familiar  Summ           ###.....     11%         3    ##.....


Dungeon Overview and Level Annotations

Branches:
Dungeon (4/15)
 Temple: D:4-7

Altars:
Nemelex Xobeh
Vehumet


Innate Abilities, Weirdness & Mutations

Your experience applies equally to all skills.
You have very sharp teeth.
Your uncanny sense of smell can sniff out nearby items.


Message History

You are feeling hungry.
You closely miss something.
* * * LOW HITPOINT WARNING * * *
You feel sick.
Your hound closely misses something.
Your hound bites something.
Reactivating autopickup.
You have reached level 7!
You feel a bit more experienced.
Unknown command.
There is a lethal amount of poison in your body!
You are too berserk!
You are too berserk!
There is a lethal amount of poison in your body!
There is a lethal amount of poison in your body!
There is a lethal amount of poison in your body!
There is a lethal amount of poison in your body!
There is a lethal amount of poison in your body!
* * * LOW HITPOINT WARNING * * *
You feel sick.
You feel a strong urge to attack something.
You die...

#####################
#....................
#...h..............[.
#..)@................
##)#######...........
#.........#...!.......
#.........############
#.......... ......
#.......... ......
#.......... ......
#.......... ......
#.......... ......


You could see a friendly hound.

Vanquished Creatures
  The ghost of MordorOrchid the Magician, an amateur GnWn (D:3)
  An orc wizard (D:3)
  2 orc priests (D:4)
  An iguana (D:2)
  An adder (D:3)
  4 worms
  4 dart slugs
  3 leopard geckos
  4 orcs
  11 bats
  5 giant cockroaches
  8 goblins
  5 hobgoblins
  4 jackals (D:2)
  7 kobolds
  3 quokkas
  3 ball pythons
  4 frilled lizards
  6 rats
77 creatures vanquished.

Vanquished Creatures (collateral kills)
  An ogre (D:3)
  An orc wizard (D:4)
  An orc priest (D:3)
  2 orcs (D:3)
  A goblin (D:3)
  A hobgoblin (D:2)
7 creatures vanquished.

Vanquished Creatures (others)
  A bullfrog skeleton (D:3)
  An adder (D:3)
  2 rats (D:3)
4 creatures vanquished.

Grand Total: 88 creatures vanquished

Notes
Turn   | Place    | Note
-------+----------+-------------------------------------------
     0 | D:1      | manyhoops the Gnoll Wanderer began the quest for the Orb.
     0 | D:1      | manyhoops set off with: a book of Spatial Translocations, Sif Muna's Catalogue of Summoning, a potion of curing, a +0 robe, a +0 club, a ration
     0 | D:1      | Reached XP level 1. HP: 13/13 MP: 6/6
     2 | D:1      | Identified Sif Muna's Catalogue of Summoning
   289 | D:1      | Reached XP level 2. HP: 18/19 MP: 7/7
   654 | D:1      | Reached XP level 3. HP: 24/25 MP: 9/9
   940 | D:1      | Reached skill level 5 in Spellcasting
  1262 | D:2      | Reached skill level 1 in Invocations
  1617 | D:2      | Reached skill level 1 in Fighting
  1617 | D:2      | Reached skill level 1 in Short Blades
  1617 | D:2      | Reached skill level 1 in Long Blades
  1617 | D:2      | Reached skill level 1 in Axes
  1617 | D:2      | Reached skill level 1 in Maces & Flails
  1617 | D:2      | Reached skill level 1 in Polearms
  1617 | D:2      | Reached skill level 1 in Staves
  1617 | D:2      | Reached skill level 1 in Slings
  1617 | D:2      | Reached skill level 1 in Bows
  1617 | D:2      | Reached skill level 1 in Crossbows
  1617 | D:2      | Reached skill level 1 in Throwing
  1617 | D:2      | Reached skill level 1 in Armour
  1617 | D:2      | Reached skill level 1 in Dodging
  1617 | D:2      | Reached skill level 1 in Stealth
  1617 | D:2      | Reached skill level 1 in Unarmed Combat
  1617 | D:2      | Reached skill level 1 in Evocations
  1672 | D:2      | Reached XP level 4. HP: 32/32 MP: 11/11
  1685 | D:2      | Learned a level 2 spell: Shroud of Golubria
  1698 | D:2      | Learned a level 2 spell: Blink
  1702 | D:2      | Learned a level 3 spell: Call Canine Familiar
  2166 | D:2      | Reached skill level 1 in Conjurations
  2166 | D:2      | Reached skill level 1 in Hexes
  2166 | D:2      | Reached skill level 1 in Charms
  2166 | D:2      | Reached skill level 1 in Necromancy
  2166 | D:2      | Reached skill level 1 in Fire Magic
  2166 | D:2      | Reached skill level 1 in Ice Magic
  2166 | D:2      | Reached skill level 1 in Air Magic
  2166 | D:2      | Reached skill level 1 in Earth Magic
  2166 | D:2      | Reached skill level 1 in Poison Magic
  2486 | D:3      | Reached XP level 5. HP: 23/37 MP: 12/12
  2741 | D:3      | Found a sparkling altar of Nemelex Xobeh.
  2741 | D:3      | Noticed an ogre
  2760 | D:3      | Killed an ogre
  3183 | D:3      | Reached XP level 6. HP: 44/44 MP: 13/13
  3348 | D:3      | Noticed MordorOrchid's ghost (amateur GnWn)
  3399 | D:3      | Killed MordorOrchid's ghost
  3399 | D:3      | Reached skill level 5 in Shields
  3694 | D:3      | Found a radiant altar of Vehumet.
  4356 | D:4      | HP: 2/66 [poisoned by an orc wizard]
  4356 | D:4      | Reached XP level 7. HP: 2/50 MP: 11/15
  4358 | D:4      | Succumbed to an orc wizard's poison

Skill      XL: |  1  2  3  4  5  6 |
---------------+-------------------+-----
Spellcasting   | 5 |  5.4
Invocations    | 1 2 |  2.4
Fighting       | 1 2 |  2.1
Short Blades   | 1 2 |  2.1
Long Blades    | 1 2 |  2.1
Axes           | 1 2 |  2.1
Maces & Flails | 1 2 |  2.1
Polearms       | 1 2 |  2.1
Staves         | 1 2 |  2.1
Slings         | 1 2 |  2.1
Bows           | 1 2 |  2.1
Crossbows      | 1 2 |  2.1
Throwing       | 1 2 |  2.1
Armour         | 1 2 |  2.1
Dodging        | 1 2 |  2.1
Stealth        | 1 2 |  2.1
Unarmed Combat | 1 2 |  2.1
Evocations     | 1 2 |  2.1
Conjurations   | 1 |  1.7
Hexes          | 1 |  1.7
Charms         | 1 |  1.7
Necromancy     | 1 |  1.7
Fire Magic     | 1 |  1.7
Ice Magic      | 1 |  1.7
Air Magic      | 1 |  1.7
Earth Magic    | 1 |  1.7
Poison Magic   | 1 |  1.7
Summonings     | 4 |  4.2
Translocations | 4 |  4.2
Transmutations | 4 |  4.2
Shields        | 5 |  5.1

Action                   |  1- 3 |  4- 6 |  7- 9 || total
-------------------------+-------+-------+-------++-------
Melee: Club              |    11 |       |       ||    11
       Mace              |   161 |   206 |       ||   367
       Bite              |     8 |    23 |       ||    31
       Punch             |     1 |     2 |       ||     3
 Cast: Call Canine Famil |       |     9 |       ||     9
  Use: Scroll            |       |     7 |       ||     7
       Potion            |       |     5 |       ||     5
  Eat: Chunk             |     2 |    10 |       ||    12
Armor: Robe              |     6 |       |       ||     6
       Ring mail         |   123 |   129 |       ||   252
       Skin              |       |    42 |       ||    42
Dodge: Dodged            |   163 |   132 |       ||   295
